Map: Orbital Shipyard

Players

hydra - Winner!

  • Race: Zerg Zerg

Basior

  • Race: Terran Terran
  • League: Master

Event: DreamHack ZOWIE Open Leipzig

VOD

Have the link to the VOD?

Description

Time

  • Played on: Jan. 22, 2016, 7:37 a.m.
  • Length: 12:37

All games in this series

Show
View Real Time Build Order
Export as new Build Order

hydra Zerg - Winner!

Build Orders: Hatch First, Muta Ling Bane 

Get SALT Encoding   

  12  0:00  Drone  
  13  0:12  Overlord  
  13  0:17  Drone  
  14  0:30  Drone x2  
  14  0:34  Drone  
  17  0:51  Hatchery  
  17  0:54  Drone  
  17  0:57  Drone  
  17  1:03  Extractor  
  17  1:12  Spawning Pool  
  17  1:15  Drone  
  17  1:19  Drone  
  18  1:27  Drone  
  19  1:38  Overlord  
  19  1:59  Queen  
  19  2:00  Zergling x4  
  23  2:03  Zergling x2, Queen  
  23  2:04  Metabolic Boost  
  26  2:10  Drone  
  26  2:14  Drone  
  28  2:21  Drone  
  29  2:24  Drone  
  30  2:34  Overlord  
  30  2:38  Queen  
  30  2:39  Drone  
  33  2:44  Drone  
  33  2:47  Drone  
  34  2:55  Queen  
  36  2:59  Zergling x4  
  38  3:07  Zergling x2  
  38  3:10  Zergling x2  
  38  3:11  Zergling x2  
  38  3:12  Zergling x6  
  44  3:13  Overlord  
  44  3:21  Overlord  
  43  3:34  Zergling x8  
  43  3:38  Queen  
  49  3:43  Zergling x6  
  52  3:54  Zergling x4  
  52  4:06  Drone x2  
  52  4:07  Drone  
  52  4:08  Lair  
  52  4:09  Overlord  
  54  4:10  Drone  
  54  4:12  Drone x2  
  58  4:17  Drone  
  58  4:23  Overlord, Extractor  
  58  4:24  Extractor  
  58  4:25  Extractor  
  58  4:26  Drone x2  
  58  4:27  Drone  
  58  4:30  Drone  
  60  4:36  Drone  
  61  4:38  Drone  
  61  4:39  Drone x2  
  61  4:40  Drone  
  61  4:43  Drone x2  
  61  4:44  Drone  
  66  4:48  Drone  
  67  4:57  Drone, Overlord  
  68  5:00  Drone  
  68  5:01  Hatchery  
  68  5:06  Drone, Spire  
  68  5:10  Drone  
  68  5:12  Drone  
  71  5:14  Drone  
  71  5:15  Baneling Nest  
  71  5:16  Drone  
  71  5:19  Overlord  
  71  5:21  Overlord  
  71  5:31  Overlord  
  71  5:32  Overlord x2  
  65  5:58  Centrifical Hooks  
  65  6:03  Evolution Chamber  
  64  6:06  Evolution Chamber  
  63  6:17  Mutalisk x4  
  73  6:22  Mutalisk  
  73  6:24  Mutalisk  
  77  6:28  Drone x11  
  88  6:34  Baneling  
  88  6:35  Baneling x7  
  88  6:37  Baneling  
  88  6:38  Zergling x6  
  88  6:39  Baneling  
  89  6:43  Zergling x2  
  89  6:44  Zergling x6  
  89  6:45  Baneling x2  
  93  6:47  Zergling x2  
  93  6:51  Baneling x3  
  94  6:57  Zergling x10  
  94  7:01  Zergling x2  
  86  7:04  Baneling x5  
  83  7:08  Zergling x4  
  83  7:11  Zergling x2  
  83  7:16  Zergling x8  
  83  7:18  Baneling x5  
  81  7:23  Mutalisk  
  81  7:26  Zergling x4  
  81  7:27  Zergling x4  
  84  7:30  Queen  
  84  7:33  Mutalisk  
  84  7:35  Zergling x4  
  90  7:38  Baneling x2  
  90  7:44  Hatchery  
  90  7:47  Zergling x2  
  90  7:48  Extractor, Zergling x14  
  90  7:49  Baneling x5, Extractor  
  95  7:58  Mutalisk  
  91  8:00  Zergling x6  
  91  8:02  Baneling  
  96  8:05  Zergling x2  
  96  8:06  Zergling x4  
  96  8:11  Zergling x6  
  96  8:12  Baneling x3  
  102  8:13  Baneling x2  
  102  8:21  Drone x2  
  102  8:23  Zerg Ground Armor Level 1  
  102  8:26  Overlord  
  104  8:31  Overlord  
  103  8:37  Mutalisk x2  
  89  8:47  Drone x2  
  85  8:48  Queen  
  85  8:52  Mutalisk x2  
  91  8:56  Zergling x14  
  91  8:58  Baneling x6  
  91  9:02  Zergling x4  
  100  9:05  Baneling x3  
  100  9:06  Zergling x2, Baneling x2  
  101  9:10  Baneling  
  101  9:11  Baneling x2  
  101  9:13  Zergling x8  
  101  9:16  Baneling x4  
  105  9:17  Zergling x2  
  105  9:18  Zergling x8  
  105  9:23  Zergling x2  
  105  9:24  Zergling x6  
  114  9:28  Zergling x6  
  112  9:36  Baneling  
  112  9:37  Baneling x12  
  98  9:40  Zergling x4  
  92  9:46  Zergling x10  
  92  9:52  Zergling x4  
  98  9:53  Zergling x6  
  99  10:01  Baneling  
  99  10:02  Baneling x9  
  99  10:03  Zergling x6  
  101  10:09  Zergling x8  
  105  10:15  Zerg Melee Weapons Level 1  
  105  10:17  Zerg Ground Armor Level 2  
  105  10:19  Drone x2  
  99  10:29  Zergling x14  
  96  10:41  Zergling x18  
  98  10:51  Mutalisk x4  
  105  11:00  Baneling x4  
  105  11:01  Baneling  
  105  11:03  Zergling x8  
  108  11:05  Baneling x4  
  108  11:06  Baneling x2  
  106  11:12  Mutalisk x2  
  108  11:23  Mutalisk x2  
  99  11:26  Zergling x2  
  99  11:27  Zergling x18  
  99  11:30  Zergling x4  
  99  11:31  Zergling x2  
  108  11:37  Zergling x6  
  108  11:38  Zergling x2  
  111  11:40  Baneling x3  
  111  11:42  Zergling x6  
  111  11:45  Zergling x2  
  111  11:46  Zergling x2  
  116  11:57  Zergling x6  
  116  11:58  Zergling x10  
  124  12:01  Baneling x5  
  124  12:02  Baneling  
  124  12:03  Baneling x2  
  124  12:07  Baneling x8  
  124  12:08  Baneling x2  
  122  12:14  Baneling x8  
  122  12:15  Baneling  
  122  12:16  Baneling x3  
Show
View Real Time Build Order
Export as new Build Order

Basior Terran 

Build Orders: MMM Bio, Mass Reaper 

Get SALT Encoding   

  12  0:00  SCV  
  13  0:12  SCV  
  14  0:17  Supply Depot  
  14  0:24  SCV  
  15  0:31  Refinery  
  15  0:38  SCV  
  16  0:44  Barracks  
  16  0:51  SCV  
  17  1:03  SCV  
  18  1:06  Barracks  
  18  1:15  SCV  
  19  1:23  Barracks  
  19  1:31  Reaper  
  20  1:37  Orbital Command  
  20  1:48  Supply Depot  
  20  1:53  Reaper  
  21  2:03  SCV, Reaper  
  21  2:06  Refinery  
  23  2:11  Reaper  
  23  2:15  SCV  
  25  2:21  Supply Depot  
  25  2:27  SCV  
  25  2:29  Reaper  
  27  2:43  SCV, Reaper  
  29  2:56  SCV  
  30  3:00  Command Center  
  30  3:02  Reaper  
  31  3:10  SCV  
  31  3:11  Reaper  
  33  3:19  Engineering Bay  
  33  3:22  SCV  
  34  3:30  Reaper  
  35  3:35  SCV, Barracks Tech Lab  
  36  3:45  Barracks  
  36  3:46  Barracks  
  36  3:47  SCV  
  37  3:59  SCV  
  38  4:06  Stimpack  
  38  4:09  Barracks Reactor, Marine  
  35  4:11  SCV  
  35  4:14  Orbital Command  
  36  4:17  Marine  
  36  4:19  Terran Infantry Weapons Level 1  
  36  4:24  SCV  
  39  4:34  Barracks Reactor  
  39  4:35  Barracks Reactor, Marine  
  40  4:39  Barracks Reactor, Barracks Tech Lab  
  40  4:40  SCV  
  40  4:42  SCV, Barracks  
  40  4:43  Barracks  
  41  4:45  Marine  
  41  4:46  Marine  
  41  4:52  SCV  
  44  4:53  Marine  
  44  4:54  SCV  
  44  4:59  Marine  
  47  5:01  Combat Shields  
  47  5:03  Marine x2  
  47  5:04  SCV  
  47  5:06  SCV  
  51  5:11  Marine  
  52  5:14  Marine  
  52  5:15  Marine  
  54  5:25  Marine x5  
  54  5:26  Supply Depot x2  
  59  5:29  Marine  
  59  5:32  Marine x2  
  62  5:47  Marine x4  
  63  5:51  Marine x2  
  64  5:57  Marine x2  
  64  6:01  Marine x2  
  68  6:05  Marine x4  
  68  6:07  Supply Depot x2  
  68  6:09  Marine x2  
  74  6:11  Supply Depot  
  74  6:13  Supply Depot, Terran Infantry Armor Level 1  
  74  6:15  Marine x2  
  76  6:19  Marine x2  
  78  6:26  Marine  
  78  6:27  Marine  
  78  6:28  Marine x4  
  82  6:33  Marine x2  
  82  6:36  Marine  
  82  6:37  Marine  
  82  6:38  Barracks  
  86  6:44  Marine  
  87  6:48  Marine x3  
  87  6:49  Marine  
  90  7:00  Marine  
  90  7:01  Marine x4  
  79  7:04  Marine  
  79  7:06  Marine x3  
  79  7:07  Marine  
  77  7:18  Marine  
  77  7:19  Marine x4  
  77  7:22  Marine  
  69  7:24  Marine x4  
  69  7:25  Marine  
  65  7:34  Barracks  
  65  7:35  Barracks  
  65  7:36  Marine x5  
  69  7:40  Marine  
  69  7:41  Marine  
  69  7:42  Marine x4  
  76  7:50  Barracks  
  76  7:54  Marine x4  
  76  7:58  Marine  
  77  8:00  Marine x4  
  77  8:03  Supply Depot  
  83  8:12  Marauder, Marine x2  
  87  8:13  Barracks Tech Lab, Marauder  
  87  8:16  Barracks Tech Lab  
  87  8:17  Marine x2  
  89  8:20  Missile Turret  
  89  8:22  Marine x4  
  93  8:27  Marine  
  93  8:29  Marine  
  93  8:32  Marine x2  
  93  8:34  Marauder  
  88  8:42  Marine  
  88  8:45  Marine  
  88  8:46  Marine x4, Marauder x2  
  88  8:47  Marine  
  94  8:50  Missile Turret  
  94  8:55  Orbital Command, Marine x3  
  95  9:01  Marine  
  98  9:04  Marine  
  99  9:10  Missile Turret  
  99  9:11  Marauder  
  99  9:17  Marauder  
  103  9:22  Marine  
  100  9:36  Marauder, Marine x4  
  76  9:44  Marine  
  76  9:45  Marine  
  64  9:46  Marine x3  
  64  9:48  Marine  
  64  9:50  Marine  
  64  9:51  Marine  
  65  9:57  Marine x2  
  65  9:58  Marine x2  
  67  10:00  Marine  
  67  10:02  Marine  
  67  10:03  Marine  
  68  10:08  Marine x2  
  68  10:10  Marine x2  
  68  10:11  Marine  
  68  10:12  Marine  
  74  10:14  Marine  
  74  10:18  Marine x3  
  67  10:32  Marine  
  67  10:33  Marine x9  
  52  10:44  Marine x4  
  51  10:50  Marine  
  51  10:51  Marine x7  
  59  10:58  Marine x2  
  59  11:01  Marine  
  59  11:02  Marine x3  
  65  11:08  Marine x3  
  65  11:09  Marauder  
  68  11:20  Marine x2  
  68  11:25  Marine x8  
  64  11:26  Marine x3  
  64  11:30  Marine  
  67  11:38  Marine x2  
  69  11:42  Marine  
  69  11:43  Marine x7  
  69  11:44  Marine x3  
  80  11:48  Marauder  
  82  11:56  Marine x2  
  82  12:00  Marine  
  82  12:01  Marine x7  
  90  12:02  Marine x2  
  90  12:08  Marine  
  95  12:09  Marine  
  95  12:14  Marine x2  
  98  12:18  Marine x2  

Tags
 
Add a new tag
Caveats
  • Supply blocks, unpowered buildings, or Contaminate may cause inaccurate times.
  • Supply counts are checked every 10 seconds.